Map: Dusty Gorge

Players

IIIChEvYIII

  • Race: Zerg Zerg
  • Spawn Location: 3:00

llllllllllll

  • Race: Terran Terran
  • League: Master
  • Spawn Location: 5:00

LOADBLASTER - Winner!

  • Race: Terran Terran
  • League: Master
  • Spawn Location: 9:00

PureLegacy - Winner!

  • Race: Terran Terran
  • Spawn Location: 11:00

VOD

Have the link to the VOD?

Description

Time

  • Played on: Nov. 26, 2018, 2:41 p.m.
  • Length: 6:31
Show
View Real Time Build Order
Export as new Build Order

IIIChEvYIII Zerg 

Build Orders: Hatch First 

Get SALT Encoding   

  12  0:01  Drone  
  13  0:15  Overlord  
  13  0:18  Drone  
  14  0:34  Drone x2  
  16  0:38  Drone  
  17  0:55  Hatchery  
  16  1:00  Drone  
  16  1:02  Extractor  
  16  1:04  Drone  
  17  1:22  Spawning Pool  
  17  1:23  Drone  
  17  1:26  Drone  
  17  1:31  Drone  
  19  1:44  Overlord  
  19  1:57  Drone  
  20  2:11  Queen x2  
  20  2:12  Zergling x2  
  20  2:13  Zergling x2  
  20  2:15  Zergling x2  
  27  2:18  Metabolic Boost  
  27  2:27  Zergling x2  
  27  2:28  Zergling x2  
  29  2:35  Zergling x2  
  29  2:36  Zergling x2  
  31  2:43  Zergling x2  
  32  2:47  Queen  
  34  2:51  Queen  
  36  2:59  Overlord  
  36  3:23  Zergling x12  
  42  3:36  Zergling x2  
  42  3:37  Zergling x2  
  44  3:48  Zergling x4  
  43  4:05  Spore Crawler  
  43  4:07  Spore Crawler  
  43  4:09  Overlord  
  41  4:18  Zergling x4  
  43  4:33  Zergling x12  
  45  4:42  Drone x3  
  39  4:54  Zergling x2  
  39  4:55  Zergling x8  
  41  5:00  Queen x2  
  41  5:03  Zergling x4  
  47  5:10  Overlord  
  47  5:14  Zergling x2  
  47  5:19  Zergling x2  
  40  5:29  Zergling x6  
  40  5:30  Zergling x2  
  40  5:35  Zergling x10  
Show
View Real Time Build Order
Export as new Build Order

llllllllllll Terran 

Build Orders:  

Get SALT Encoding   

  12  0:00  SCV  
  13  0:13  SCV  
  14  0:18  Supply Depot  
  14  0:26  SCV  
  15  0:39  SCV  
  15  0:41  Barracks  
  16  0:52  SCV  
  16  0:56  Refinery  
  17  1:04  SCV  
  18  1:16  SCV  
  18  1:17  Barracks  
  19  1:21  Barracks  
  19  1:30  Refinery  
  19  1:39  Reaper  
  20  1:42  Supply Depot  
  20  1:46  SCV  
  21  2:02  Orbital Command  
  21  2:06  Reaper  
  22  2:10  Reaper  
  23  2:16  Reaper  
  24  2:32  SCV  
  24  2:35  Supply Depot  
  25  2:39  Reaper  
  25  2:42  Reaper  
  27  2:45  SCV  
  27  2:48  Reaper  
  29  3:11  Command Center  
  32  3:29  Engineering Bay  
  29  3:41  Barracks Tech Lab x2  
  29  3:42  Barracks Reactor  
  29  3:45  SCV  
  29  3:46  Factory  
  30  3:57  SCV  
  30  4:01  Stimpack  
  31  4:08  Marine  
  31  4:09  SCV  
  33  4:10  Combat Shield  
  33  4:20  Supply Depot  
  33  4:21  SCV  
  33  4:22  Marine  
  35  4:24  Marine  
  35  4:28  Marine  
  37  4:33  SCV  
  36  4:47  Marine  
  36  4:50  Factory Reactor, Marine  
  33  4:53  SCV x2  
  33  4:55  Marine, Starport  
  37  5:04  Missile Turret  
  37  5:06  SCV x2  
  38  5:10  Marine  
  38  5:12  Marine  
  40  5:18  SCV  
  41  5:21  Orbital Command  
  41  5:27  Marine  
  41  5:28  Marine  
  40  5:29  Marine  
  40  5:30  SCV  
  40  5:33  Marine  
  40  5:42  SCV  
  40  5:44  Marine  
  40  5:45  Factory Tech Lab  
  40  5:47  Medivac, Marine  
  40  5:48  Medivac  
  47  5:52  Marine x2, Bunker  
  47  5:54  SCV  
  49  5:59  Barracks  
  49  6:00  Barracks  
  49  6:01  Barracks  
  49  6:02  Marine  
  50  6:05  Barracks, Marine  
  50  6:10  Marine x2  
Show
View Real Time Build Order
Export as new Build Order

LOADBLASTER Terran - Winner!

Build Orders: Hellion Opening 

Get SALT Encoding   

  12  0:05  SCV  
  13  0:17  SCV  
  14  0:24  Supply Depot  
  14  0:29  SCV  
  14  0:34  Refinery  
  15  0:46  SCV  
  15  0:47  Barracks  
  16  0:58  SCV  
  17  1:06  Refinery  
  17  1:10  SCV  
  18  1:22  SCV  
  19  1:35  Barracks Reactor  
  19  1:36  Orbital Command  
  19  1:44  Factory  
  19  1:51  Supply Depot  
  19  2:01  SCV  
  20  2:23  SCV  
  21  2:34  Command Center  
  21  2:38  Hellion x2  
  25  2:45  Starport  
  25  2:48  Barracks Tech Lab  
  25  2:51  SCV  
  26  3:01  Supply Depot  
  26  3:03  SCV  
  26  3:05  Hellion  
  29  3:12  Hellion  
  31  3:26  Fusion Core, SCV  
  32  3:31  Hellion  
  34  3:38  SCV  
  35  3:45  Hellion  
  38  3:48  Orbital Command  
  38  3:50  SCV  
  39  4:02  SCV  
  39  4:13  Battlecruiser  
  45  4:17  Hellion  
  45  4:20  SCV  
  45  4:22  SCV  
  49  4:27  Supply Depot  
  49  4:30  Hellion  
  51  4:33  SCV  
  52  4:39  Hellion  
  54  4:49  SCV  
  54  4:50  Weapon Refit  
  54  4:51  Hellion  
  54  4:52  SCV  
  58  5:01  SCV  
  58  5:02  Supply Depot x2  
  58  5:04  SCV  
  60  5:13  SCV  
  61  5:16  SCV  
  62  5:25  SCV  
  62  5:27  Hellion  
  62  5:28  SCV  
  70  5:29  Hellion  
  64  5:40  SCV  
  64  5:49  Hellion  
  65  5:50  Command Center  
  65  5:51  Hellion  
  65  5:52  Supply Depot  
  65  5:53  SCV  
  68  6:06  Refinery x2, SCV  
  68  6:07  SCV  
  72  6:16  Supply Depot  
  74  6:19  SCV x2  
Show
View Real Time Build Order
Export as new Build Order

PureLegacy Terran - Winner!

Build Orders:  

Get SALT Encoding   

  12  0:01  SCV  
  13  0:13  SCV  
  14  0:19  Supply Depot  
  14  0:25  SCV  
  15  0:32  Refinery  
  15  0:40  SCV  
  16  0:46  Barracks  
  16  0:53  SCV  
  17  1:07  Barracks  
  17  1:17  Barracks  
  17  1:22  SCV  
  18  1:38  Reaper  
  18  1:39  Orbital Command  
  19  1:48  Refinery  
  19  1:55  Reaper  
  20  2:03  Supply Depot  
  20  2:05  Reaper  
  21  2:10  Reaper  
  22  2:19  SCV  
  23  2:26  Supply Depot  
  23  2:27  Reaper  
  24  2:31  SCV  
  25  2:44  Reaper x2  
  25  2:45  SCV  
  28  3:00  SCV  
  28  3:03  Reaper  
  30  3:09  Command Center  
  30  3:12  SCV  
  31  3:16  Reaper  
  31  3:18  Reaper  
  33  3:27  Supply Depot  
  33  3:31  SCV  
  33  3:35  Reaper  
  33  3:51  Reaper  
  33  3:52  Barracks, Reaper  
  33  3:53  Barracks  
  35  4:02  SCV  
  36  4:05  Engineering Bay  
  36  4:09  Reaper  
  37  4:18  SCV  
  38  4:27  Reaper x2  
  41  4:31  Orbital Command  
  41  4:33  Terran Infantry Weapons Level 1  
  34  4:51  Reaper x2  
  30  4:56  Reaper  
  30  4:58  SCV x2  
  33  5:05  Refinery x2  
  33  5:11  SCV x2  
  33  5:12  Reaper  
  36  5:23  Reaper  
  36  5:24  Barracks  
  36  5:26  SCV  
  36  5:28  Barracks  
  38  5:32  Reaper  
  39  5:37  Reaper  
  39  5:41  SCV  
  41  5:47  Reaper  
  42  5:50  Reaper  
  42  5:53  SCV x2  
  42  5:56  Reaper  
  46  6:06  SCV  
Tags
 
Add a new tag
Caveats
  • Supply blocks, unpowered buildings, or Contaminate may cause inaccurate times.
  • Supply counts are checked every 10 seconds.